 Dungeon Crawl Stone Soup version 0.30.1 (webtiles) character file.

Game seed: 7561273735211154682

61 coffeetime the Magician (level 3, 0/19 HPs)
             Began as a Deep Elf Hedge Wizard on July 4, 2023.
             Slain by a hobgoblin (5 damage)
             ... on level 3 of the Dungeon.
             The game lasted 00:09:16 (2084 turns).

coffeetime the Magician (Deep Elf Hedge Wizard)     Turns: 2084, Time: 00:09:18

Health: 0/19       AC:  2    Str:  7    XL:     3   Next: 83%
Magic:  10/12      EV: 12    Int: 20    God:
Gold:   100        SH:  0    Dex: 14    Spells: 8/13 levels left

rFire   . . .        i - +4 sling
rCold   . . .        (no shield)
rNeg    . . .        b - +0 robe
rPois   .            c - +0 hat
rElec   .            (no cloak)
rCorr   .            (no gloves)
SInv    .            (no boots)
Will    .....        (no amulet)
Stlth   ++           j - ring of wizardry
HPRegen 0.23/turn    (no ring)
MPRegen 0.13/turn

%: wizardry (x1)
@: no status effects
A: no striking features
a: no special abilities


You were on level 3 of the Dungeon.
You visited 1 branch of the dungeon, and saw 3 of its levels.

You collected 100 gold pieces.

Inventory:

Hand Weapons
 a - a +0 dagger
 i - a +4 sling (weapon)
 w - a +4 dagger
Missiles
 f - 35 stones
 h - 9 poisoned darts
 q - 6 boomerangs
Armour
 b - a +0 robe (worn)
 c - a +0 hat (worn)
 k - an orb of wrath
 m - a +0 leather armour
 r - a +0 tower shield
Jewellery
 j - a ring of wizardry (left hand)
Wands
 u - a wand of mindburst (13)
Scrolls
 g - 3 scrolls of teleportation
 l - a scroll of magic mapping {unknown}
 o - a scroll of identify {unknown}
 p - a scroll of enchant armour {unknown}
 s - a scroll of enchant weapon {unknown}
 v - a scroll of torment {unknown}
Potions
 d - a potion of magic
 e - a potion of invisibility {unknown}
 n - a potion of heal wounds {unknown}
 t - 2 potions of curing {unknown}


   Skills:
 + Level 2.7 Ranged Weapons
 + Level 2.5 Dodging
 + Level 2.5 Stealth
 + Level 5.7 Spellcasting
 + Level 1.2 Conjurations
 + Level 1.1 Summonings
 + Level 1.1 Translocations


You had 8 spell levels left.
You knew the following spells:

 Your Spells              Type           Power      Damage    Failure   Level
a - Magic Dart            Conj           40%        1d5       2%          1
b - Call Imp              Summ           20%        N/A       4%          2
c - Blink                 Tloc           20%        N/A       4%          2

Your spell library contained the following spells:

 Spells                   Type           Power      Damage    Failure   Level
 Freeze                   Ice            20%        1d4       4%          1
 Slow                     Hex            20%        N/A       4%          1
 Cigotuvi's Dreadful Rot  Necr/Pois/Air  10%        N/A       6%          2
 Hailstorm                Conj/Ice       8%         3d4       11%         3
 Mephitic Cloud           Conj/Pois/Air  7%         N/A       11%         3
 Frozen Ramparts          Ice            10%        1d2       13%         3


Dungeon Overview and Level Annotations

Branches:
Dungeon (3/15)

Altars:
Kikubaaqudgha


Message History

You shoot a sling bullet.
The sling bullet barely misses the hobgoblin.
A goblin comes into view. It is wielding a +0 club.
Fire: i) +4 sling
Press: ? - help, Q - select action, (/) - cycle Shift-Dir - straight line, f/p - hobgoblin
Aim: a hobgoblin (62% to hit)
You shoot a sling bullet.
The sling bullet closely misses the hobgoblin.
The goblin unwields a +0 club.
The goblin wields a +0 sling.
The goblin shoots a sling bullet.
The sling bullet closely misses you.
Fire: i) +4 sling
Press: ? - help, Q - select action, (/) - cycle Shift-Dir - straight line, f/p - hobgoblin
Aim: a hobgoblin (62% to hit)
You shoot a sling bullet. The sling bullet hits the hobgoblin.
The hobgoblin is heavily wounded.
The goblin shoots a sling bullet.
The sling bullet hits you.
Fire: i) +4 sling
Press: ? - help, Q - select action, (/) - cycle Shift-Dir - straight line, f/p - hobgoblin
Aim: a hobgoblin (heavily wounded, 62% to hit)
You shoot a sling bullet.
The sling bullet completely misses the hobgoblin.
The hobgoblin hits you.
The goblin shoots a sling bullet.
The sling bullet barely misses you.
Fire: i) +4 sling
Press: ? - help, Q - select action, (/) - cycle Shift-Dir - straight line, f/p - hobgoblin
Aim: a hobgoblin (heavily wounded, 62% to hit)
Okay, then.
Casting: Call Imp (safe; 4% risk of failure)
Confirm with . or Enter, or press ? or * to list all spells.
A tiny devil pulls itself out of the air.
The hobgoblin hits you.
* * * LOW HITPOINT WARNING * * *
The goblin shoots a sling bullet.
The sling bullet barely misses you.
Fire: i) +4 sling
Press: ? - help, Q - select action, (/) - cycle Shift-Dir - straight line, f - goblin, p - hobgoblin
Aim: a goblin, wielding a +0 sling (55% to hit)
You shoot a sling bullet.
The sling bullet closely misses the goblin.
The hobgoblin hits you.
You die...

#.. ## #.# .. #.#
#. #.# ####.
#.####... #.#....5
#.#.##g#
#######.#.##@#
#####.......#.##.#
...............g.#
#####.#######.####
#.##### #.# #.##..
... #.##.# ##.##
##.##.# #.#
#.....####.#


You could see a hobgoblin (ally target), a goblin and a friendly cerulean imp
(summoned).

Vanquished Creatures
  A gnoll (D:3)
  3 dart slugs
  3 orcs (D:3)
  A ball python (D:2)
  2 endoplasms
  2 giant cockroaches (D:1)
  3 hobgoblins
  3 jackals (D:2)
  A quokka (D:2)
  5 bats
  4 frilled lizards
  4 goblins
  4 kobolds
  3 rats
39 creatures vanquished.

Vanquished Creatures (collateral kills)
  A kobold (D:3)
1 creature vanquished.

Grand Total: 40 creatures vanquished

Notes
Turn   | Place    | Note
-------+----------+-------------------------------------------
     0 | D:1      | coffeetime the Deep Elf Hedge Wizard began the quest for
                  | the Orb.
     0 | D:1      | Reached XP level 1. HP: 10/10 MP: 7/7
   319 | D:1      | Reached skill level 5 in Spellcasting
   423 | D:1      | Reached XP level 2. HP: 15/15 MP: 7/10
  1183 | D:2      | Reached skill level 1 in Ranged Weapons
  1192 | D:2      | Reached XP level 3. HP: 14/19 MP: 12/12
  1235 | D:2      | Learned a level 2 spell: Call Imp
  1240 | D:2      | Learned a level 2 spell: Blink
  1307 | D:2      | Found a faded altar of an unknown god.
  2029 | D:3      | Found an ancient bone altar of Kikubaaqudgha.
  2084 | D:3      | Slain by a hobgoblin

Illustrated notes

Levels and vault maps discovered:
D:1:      onia_arrival_mini_spirals, layout_loops_ring
D:2:      layout_loops_ring, hellmonk_ecumenical_altar_zigzags
D:3:      layout_loops_ring, gammafunk_temple_overflow_elements,
          kiku_gazebo_garden_becter, chequers_serial_rivers_marsh

Skill      XL: |  1  2  3 |
---------------+----------+-----
Spellcasting   | 5 |  5.7
Ranged Weapons | 1 2 |  2.7
Dodging        | |  2.5
Stealth        | |  2.5
Conjurations   | |  1.2
Summonings     | |  1.1
Translocations | |  1.1

Action                     || total
---------------------------++-------
   Fire: Sling             ||    73
   Cast: Magic Dart        ||    31
         Call Imp          ||     4
    Use: Scroll            ||     1
 Armour: Robe              ||     4
  Dodge: Dodged            ||    31
